Map: Lightshade LE

Players

ViBE - Winner!

  • Race: Zerg Zerg
  • League: Bronze
  • Spawn Location: 11:00

Thesungoddes

  • Race: Protoss Protoss
  • Spawn Location: 5:00

VOD

https://www.youtube.com/watch?v=VjhJ7E-kFgw&list=PLFeZeom2b4DnD3FIu7pzkXl51JX_WWz2h&index=2

Description

Time

  • Played on: March 11, 2021, 12:41 a.m.
  • Length: 14:11
Show
View Real Time Build Order
Export as new Build Order

ViBE Zerg - Winner!

Build Orders: Hatch First 

Get SALT Encoding   

  12  0:00  Drone  
  13  0:13  Overlord  
  13  0:21  Drone  
  14  0:33  Drone  
  14  0:35  Drone  
  16  0:55  Hatchery  
  15  1:15  Drone x3  
  18  1:34  Spawning Pool  
  18  1:35  Drone  
  18  1:40  Drone  
  19  1:48  Extractor  
  18  1:55  Drone  
  19  2:10  Drone  
  20  2:31  Queen  
  20  2:32  Queen  
  20  2:33  Drone x4  
  20  2:35  Overlord  
  28  2:39  Overlord  
  28  2:59  Drone x4  
  32  3:09  Drone x2  
  32  3:10  Queen  
  32  3:12  Lair  
  36  3:18  Drone x2  
  38  3:21  Roach Warren  
  38  3:25  Evolution Chamber  
  36  3:28  Drone x2  
  38  3:38  Overlord  
  38  3:41  Drone x4  
  42  3:47  Drone x2  
  44  3:57  Extractor  
  44  3:59  Drone  
  44  4:00  Extractor, Drone x2  
  44  4:01  Hatchery  
  44  4:08  Overlord  
  44  4:09  Overlord  
  44  4:12  Glial Reconstitution  
  44  4:14  Zerg Missile Weapons Level 1  
  44  4:16  Drone  
  48  4:17  Drone x3  
  48  4:19  Roach  
  50  4:37  Roach x2  
  54  4:38  Overlord  
  54  4:39  Overlord  
  54  4:40  Queen  
  56  4:50  Roach  
  56  4:51  Roach x2  
  62  4:58  Overlord x4  
  62  5:05  Drone x2  
  64  5:23  Drone x10  
  64  5:25  Drone  
  75  5:34  Drone x2  
  77  5:45  Drone  
  77  5:46  Drone x3  
  81  5:51  Drone x8  
  81  5:52  Drone  
  90  5:59  Extractor, Hydralisk Den  
  90  6:02  Extractor  
  87  6:04  Extractor  
  87  6:08  Drone  
  87  6:19  Hatchery  
  87  6:23  Overlord x2  
  87  6:24  Overlord  
  86  6:31  Hydralisk x11  
  108  6:39  Hydralisk x2  
  112  6:47  Hydralisk  
  112  6:48  Hydralisk  
  112  6:49  Hydralisk  
  112  6:50  Hydralisk  
  120  7:06  Drone, Evolution Chamber  
  120  7:12  Grooved Spines  
  120  7:14  Drone  
  121  7:18  Infestation Pit  
  121  7:19  Zerg Missile Weapons Level 2  
  120  7:28  Drone x7  
  120  7:29  Drone x6  
  133  7:32  Zerg Ground Armor Level 1  
  133  7:43  Overlord x4  
  133  7:45  Drone x6  
  139  8:23  Muscular Augments  
  139  8:40  Overlord x3  
  139  8:42  Hive  
  139  8:53  Hatchery  
  138  9:00  Extractor  
  137  9:03  Extractor  
  136  9:14  Hydralisk x16  
  168  9:33  Drone  
  169  9:42  Hatchery  
  169  9:45  Drone x2  
  169  9:46  Drone  
  171  10:24  Zerg Missile Weapons Level 3  
  171  10:26  Zerg Ground Armor Level 2  
  171  10:46  Hydralisk  
  171  10:47  Hydralisk x13  
  195  11:48  Extractor  
  195  11:49  Extractor  
  171  12:05  Hydralisk x12  
  171  12:06  Hydralisk x3  
  199  12:09  Drone  
  198  12:42  Hydralisk  
Show
View Real Time Build Order
Export as new Build Order

Thesungoddes Protoss 

Build Orders:  

Get SALT Encoding   

  12  0:31  Probe  
  13  0:43  Pylon, Probe  
  14  0:50  Pylon  
  14  0:55  Probe  
  15  0:57  Assimilator  
  15  1:07  Probe  
  16  1:19  Probe  
  17  1:31  Probe  
  17  1:32  Gateway  
  18  1:33  Forge  
  18  1:44  Probe  
  18  1:45  Pylon  
  19  1:55  Pylon  
  19  1:56  Probe  
  20  2:08  Probe  
  21  2:20  Probe  
  21  2:22  Assimilator  
  22  2:28  Cybernetics Core  
  22  2:36  Photon Cannon  
  22  2:45  Photon Cannon  
  22  2:51  Pylon  
  22  3:14  Shield Battery  
  22  3:17  Stargate  
  22  3:18  Stalker  
  24  3:35  Probe (Chrono Boost)  
  25  3:46  Probe (Chrono Boost)  
  25  3:48  Stalker  
  28  3:51  Probe (Chrono Boost)  
  29  4:01  Probe  
  30  4:06  Assimilator  
  30  4:13  Probe  
  31  4:18  Stalker  
  31  4:19  Nexus  
  33  4:48  Stalker  
  33  4:49  Assimilator  
  35  4:58  Pylon  
  35  5:10  Pylon  
  35  5:18  Pylon, Void Ray, Stalker  
  37  5:24  Pylon  
  41  5:33  Probe  
  42  5:38  Probe  
  43  5:45  Probe  
  43  5:47  Stalker  
  46  5:50  Probe  
  46  5:55  Void Ray (Chrono Boost)  
  47  5:57  Probe  
  52  6:08  Pylon  
  52  6:17  Stalker  
  54  6:25  Probe  
  55  6:28  Void Ray (Chrono Boost)  
  59  6:37  Probe  
  60  6:49  Probe  
  61  6:59  Void Ray  
  61  7:01  Probe  
  61  7:04  Protoss Ground Weapons Level 1  
  66  7:11  Protoss Air Weapons Level 1  
  66  7:12  Probe  
  66  7:13  Probe  
  68  7:24  Probe  
  68  7:25  Probe  
  70  7:32  Stalker  
  70  7:36  Void Ray, Probe  
  73  7:38  Probe  
  78  7:48  Probe  
  79  8:01  Probe  
  80  8:05  Nexus  
  80  8:13  Void Ray  
  80  8:17  Fleet Beacon  
  84  8:28  Twilight Council  
  84  8:36  Photon Cannon  
  84  8:39  Photon Cannon  
  84  8:44  Photon Cannon  
  84  9:01  Carrier (Chrono Boost)  
  90  9:12  Protoss Shields Level 1  
  90  9:28  Stargate  
  90  9:39  Probe  
  91  9:51  Probe  
  92  9:58  Photon Cannon, Carrier  
  98  10:02  Stargate  
  98  10:03  Probe  
  99  10:15  Carrier (Chrono Boost)  
  105  10:25  Probe  
  106  10:34  Assimilator  
  106  10:37  Probe  
  107  10:49  Probe  
  108  10:59  Carrier (Chrono Boost)  
  108  11:01  Probe  
  108  11:02  Void Ray (Chrono Boost)  
  115  11:08  Stalker  
  117  11:13  Probe  
  122  11:29  Pylon  
  122  11:31  Pylon  
  122  11:35  Pylon  
  122  11:40  Pylon  
  122  11:47  Void Ray  
  122  11:48  Void Ray  
  122  11:53  Stalker  
  74  12:11  Void Ray  
  60  12:23  Stalker  
  60  12:24  Void Ray  
  60  12:26  Void Ray  
  57  12:35  Photon Cannon x2  
  65  12:38  Photon Cannon  
  65  12:41  Photon Cannon  
  63  12:44  Photon Cannon  
  63  12:48  Photon Cannon  
  63  12:50  Photon Cannon  
  60  12:52  Photon Cannon  
  60  12:55  Photon Cannon  
  60  12:58  Shield Battery  
  49  13:01  Photon Cannon  
  49  13:04  Photon Cannon  
  45  13:09  Photon Cannon  
  45  13:10  Photon Cannon  
  45  13:15  Photon Cannon  
  45  13:18  Photon Cannon  
  38  13:22  Photon Cannon  
  38  13:23  Photon Cannon  
  38  13:25  Photon Cannon  
  37  13:28  Photon Cannon  
  37  13:29  Photon Cannon  
  37  13:33  Photon Cannon  
  32  13:36  Photon Cannon x2  
  25  13:51  Photon Cannon  
Tags
 
League
Bronze
Matchup
PvZ
Player
ViBE
Replay Pack
Bronze_League
Spawn Locations
Cross Positions
Add a new tag
Caveats
  • Supply blocks, unpowered buildings, or Contaminate may cause inaccurate times.
  • Supply counts are checked every 10 seconds.